[ PARTIDA AOE2 · #459690637 ]
1v1 RMBohemios vs Teutons
Equipo del jugador · VICT
Equipo rival · DERR
[ ANÁLISIS DE REPETICIÓN · EXTRAÍDO DE LA PARTIDA GRABADA ]
Feudal
11:01
Castillos
15:26
Imperial
31:48
| APM promedio | 28.7 |
| APM pico | 89 |
| eAPM promedio | 20.0 |
| Aldeanos / militares | 178 / 529 |
Foco
⚔️ 48.6% · 🌾 51.4%
Militia ×305 · Hussite Wagon ×127 · Spearman ×70 · Skirmisher ×15 · Trebuchet (Packed) ×6 · Hand Cannoneer ×4
Feudal
10:58
Castillos
14:35
Imperial
30:55
| APM promedio | 48.5 |
| APM pico | 90 |
| eAPM promedio | 28.4 |
| Aldeanos / militares | 152 / 307 |
Foco
⚔️ 39.9% · 🌾 60.1%
Hand Cannoneer ×110 · Skirmisher ×109 · Teutonic Knight ×51 · Bombard Cannon ×17 · Trebuchet (Packed) ×11 · Scout Cavalry ×3
Mapa de la partida
Recursos al inicio + cada clic de construcción. Línea gruesa = muro · recuadro discontinuo = muro de casas detectado. 🟡 oro · ⚪ piedra · 🟢 bayas · 🔶 jabalí · ⭕ reliquia
Tu base· Abierta — flanco sin cerrar
Base de Womtxoto· Abierta — flanco sin cerrar
Terreno con relieve · ⚠ = hueco de muro detectado · pasá el cursor para detalles
Inputs por minuto
— Mandinga - - Womtxoto
Build order — Mandinga
Primeras 150 de 507 acciones detectadas
| 0:03 | Crear | Villager (Male) |
| 0:05 | Construir | House |
| 0:06 | Construir | House |
| 0:20 | Crear | Villager (Male) |
| 0:20 | Crear | Villager (Male) |
| 0:21 | Crear | Villager (Male) |
| 0:21 | Crear | Villager (Male) |
| 1:45 | Crear | Villager (Male) |
| 2:05 | Crear | Villager (Male) |
| 2:16 | Crear | Villager (Male) |
| 2:35 | Construir | Lumber Camp |
| 2:56 | Crear | Villager (Male) |
| 2:56 | Crear | Villager (Male) |
| 3:38 | Crear | Villager (Male) |
| 3:53 | Construir | House |
| 4:04 | Crear | Villager (Male) |
| 4:24 | Crear | Villager (Male) |
| 4:59 | Crear | Villager (Male) |
| 5:10 | Crear | Villager (Male) |
| 5:36 | Crear | Villager (Male) |
| 5:37 | Crear | Villager (Male) |
| 5:50 | Crear | Villager (Male) |
| 6:05 | Crear | Villager (Male) |
| 6:11 | Construir | House |
| 6:13 | Construir | Mill |
| 7:02 | Crear | Villager (Male) |
| 7:03 | Crear | Villager (Male) |
| 7:35 | Crear | Villager (Male) |
| 7:40 | Crear | Villager (Male) |
| 8:48 | Investigar | Feudal Age |
| 9:14 | Construir | Mining Camp |
| 9:18 | Construir | House |
| 9:43 | Construir | Farm |
| 9:46 | Construir | Farm |
| 9:49 | Construir | Farm |
| 9:50 | Construir | Farm |
| 9:53 | Construir | Farm |
| 9:54 | Construir | Farm |
| 10:23 | Crear | Villager (Male) |
| 10:24 | Crear | Villager (Male) |
| 10:24 | Crear | Villager (Male) |
| 10:42 | Construir | Farm |
| 10:46 | Construir | Farm |
| 11:01 | Edad | Edad Feudal |
| 11:18 | Construir | Market |
| 11:32 | Construir | Blacksmith |
| 12:00 | Construir | Mining Camp |
| 12:13 | Crear | Villager (Male) |
| 12:46 | Investigar | Castle Age |
| 13:29 | Investigar | Double-Bit Axe |
| 13:34 | Investigar | Horse Collar |
| 14:10 | Construir | House |
| 14:14 | Construir | House |
| 14:15 | Construir | House |
| 14:35 | Crear | Villager (Male) |
| 14:35 | Crear | Villager (Male) |
| 14:36 | Crear | Villager (Male) |
| 15:26 | Edad | Edad de los Castillos |
| 15:33 | Construir | Town Center |
| 15:41 | Investigar | Bow Saw |
| 16:11 | Crear | Villager (Male) |
| 16:51 | Investigar | Heavy Plow |
| 16:57 | Crear | Villager (Male) |
| 16:57 | Crear | Villager (Male) |
| 17:18 | Construir | Castle |
| 17:20 | Crear | Villager (Male) |
| 17:21 | Crear | Villager (Male) |
| 17:26 | Crear | Villager (Male) |
| 17:26 | Crear | Villager (Male) |
| 17:26 | Crear | Villager (Male) |
| 17:37 | Construir | Monastery |
| 17:49 | Construir | House |
| 17:51 | Construir | House |
| 17:53 | Construir | House |
| 18:08 | Crear | Monk |
| 18:19 | Crear | Villager (Male) |
| 18:19 | Crear | Villager (Male) |
| 18:19 | Crear | Villager (Male) |
| 18:21 | Construir | Farm |
| 18:22 | Construir | Farm |
| 18:22 | Construir | Farm |
| 18:22 | Construir | Farm |
| 18:23 | Construir | Farm |
| 18:23 | Construir | Farm |
| 18:37 | Crear | Hussite Wagon |
| 19:00 | Crear | Hussite Wagon |
| 19:02 | Crear | Villager (Male) |
| 19:22 | Crear | Villager (Male) |
| 19:22 | Crear | Villager (Male) |
| 19:48 | Crear | Hussite Wagon |
| 19:48 | Crear | Villager (Male) |
| 19:49 | Crear | Villager (Male) |
| 20:00 | Crear | Villager (Male) |
| 20:00 | Crear | Villager (Male) |
| 20:02 | Crear | Hussite Wagon |
| 20:03 | Crear | Hussite Wagon |
| 20:05 | Crear | Villager (Male) |
| 20:20 | Construir | Town Center |
| 20:42 | Crear | Villager (Male) |
| 20:42 | Crear | Villager (Male) |
| 20:43 | Crear | Villager (Male) |
| 20:43 | Crear | Villager (Male) |
| 20:43 | Crear | Villager (Male) |
| 21:21 | Crear | Villager (Male) |
| 21:21 | Crear | Villager (Male) |
| 21:22 | Crear | Villager (Male) |
| 21:22 | Crear | Villager (Male) |
| 21:26 | Construir | Farm |
| 21:27 | Construir | Farm |
| 21:27 | Construir | Farm |
| 21:27 | Construir | Farm |
| 21:28 | Construir | Farm |
| 21:28 | Construir | Farm |
| 21:28 | Construir | Farm |
| 21:33 | Construir | Farm |
| 21:34 | Construir | Farm |
| 21:34 | Construir | Farm |
| 21:34 | Construir | Farm |
| 21:35 | Construir | Farm |
| 21:35 | Construir | Farm |
| 21:35 | Construir | Farm |
| 21:35 | Construir | Farm |
| 21:36 | Construir | Farm |
| 21:36 | Construir | Farm |
| 21:37 | Construir | Farm |
| 21:39 | Crear | Villager (Male) |
| 21:40 | Crear | Villager (Male) |
| 21:40 | Crear | Villager (Male) |
| 21:44 | Crear | Villager (Male) |
| 21:44 | Crear | Villager (Male) |
| 21:44 | Crear | Villager (Male) |
| 22:16 | Crear | Villager (Male) |
| 22:16 | Crear | Villager (Male) |
| 22:16 | Crear | Villager (Male) |
| 22:17 | Crear | Villager (Male) |
| 22:19 | Construir | Farm |
| 22:20 | Construir | Farm |
| 22:20 | Construir | Farm |
| 22:20 | Construir | Farm |
| 22:20 | Construir | Farm |
| 22:21 | Construir | Farm |
| 22:21 | Construir | Farm |
| 22:21 | Construir | Farm |
| 22:21 | Construir | Farm |
| 22:48 | Crear | Villager (Male) |
| 22:48 | Crear | Villager (Male) |
| 22:49 | Crear | Villager (Male) |
| 22:49 | Crear | Villager (Male) |
| 22:49 | Crear | Villager (Male) |
| 22:54 | Crear | Hussite Wagon |
Build order — Womtxoto
Primeras 150 de 625 acciones detectadas
| 0:01 | Crear | Villager (Male) |
| 0:01 | Crear | Villager (Male) |
| 0:01 | Crear | Villager (Male) |
| 0:02 | Crear | Villager (Male) |
| 0:02 | Crear | Villager (Male) |
| 0:03 | Construir | House |
| 0:04 | Construir | House |
| 1:19 | Crear | Villager (Male) |
| 1:19 | Crear | Villager (Male) |
| 1:49 | Construir | Lumber Camp |
| 2:02 | Crear | Villager (Male) |
| 2:02 | Crear | Villager (Male) |
| 2:32 | Crear | Villager (Male) |
| 2:33 | Crear | Villager (Male) |
| 2:33 | Crear | Villager (Male) |
| 3:04 | Crear | Villager (Male) |
| 3:29 | Construir | House |
| 3:40 | Crear | Villager (Male) |
| 3:41 | Crear | Villager (Male) |
| 3:41 | Crear | Villager (Male) |
| 3:55 | Crear | Villager (Male) |
| 4:15 | Construir | Mill |
| 4:30 | Crear | Villager (Male) |
| 4:30 | Crear | Villager (Male) |
| 4:58 | Crear | Villager (Male) |
| 5:14 | Crear | Villager (Male) |
| 5:38 | Crear | Villager (Male) |
| 5:39 | Crear | Villager (Male) |
| 5:39 | Crear | Villager (Male) |
| 5:45 | Construir | House |
| 6:25 | Crear | Villager (Male) |
| 6:25 | Crear | Villager (Male) |
| 7:13 | Construir | Mining Camp |
| 7:48 | Crear | Villager (Male) |
| 7:48 | Crear | Villager (Male) |
| 7:49 | Crear | Villager (Male) |
| 8:44 | Investigar | Feudal Age |
| 9:09 | Crear | Villager (Male) |
| 9:09 | Crear | Villager (Male) |
| 9:17 | Construir | Barracks |
| 9:20 | Construir | House |
| 10:58 | Edad | Edad Feudal |
| 11:03 | Construir | Stable |
| 11:11 | Construir | Blacksmith |
| 11:55 | Investigar | Castle Age |
| 11:55 | Investigar | Castle Age |
| 12:00 | Construir | House |
| 12:21 | Construir | Farm |
| 12:23 | Construir | Farm |
| 12:32 | Construir | Farm |
| 12:36 | Construir | Farm |
| 12:40 | Construir | Farm |
| 12:47 | Construir | Farm |
| 12:58 | Investigar | Double-Bit Axe |
| 13:03 | Construir | Farm |
| 13:03 | Construir | Farm |
| 13:06 | Construir | Farm |
| 13:08 | Construir | Farm |
| 13:11 | Construir | Farm |
| 13:12 | Construir | Farm |
| 13:32 | Construir | Farm |
| 13:34 | Construir | Farm |
| 13:58 | Crear | Scout Cavalry |
| 13:59 | Crear | Scout Cavalry |
| 14:23 | Crear | Villager (Male) |
| 14:26 | Crear | Scout Cavalry |
| 14:35 | Edad | Edad de los Castillos |
| 14:43 | Construir | Monastery |
| 14:47 | Crear | Spearman |
| 15:00 | Investigar | Bow Saw |
| 15:00 | Investigar | Bow Saw |
| 15:12 | Crear | Villager (Male) |
| 15:13 | Crear | Villager (Male) |
| 15:22 | Construir | Town Center |
| 15:28 | Crear | Monk |
| 15:34 | Crear | Villager (Male) |
| 15:52 | Crear | Villager (Male) |
| 16:05 | Crear | Villager (Male) |
| 16:07 | Construir | House |
| 16:17 | Crear | Villager (Male) |
| 16:36 | Construir | House |
| 16:39 | Crear | Villager (Male) |
| 16:45 | Investigar | Horse Collar |
| 16:59 | Crear | Villager (Male) |
| 17:18 | Crear | Villager (Male) |
| 17:20 | Crear | Villager (Male) |
| 17:22 | Crear | Monk |
| 17:35 | Crear | Villager (Male) |
| 17:45 | Crear | Villager (Male) |
| 17:46 | Crear | Villager (Male) |
| 17:53 | Construir | Town Center |
| 17:57 | Construir | Farm |
| 17:57 | Construir | Farm |
| 18:00 | Construir | Farm |
| 18:02 | Crear | Villager (Male) |
| 18:07 | Investigar | Wheelbarrow |
| 18:23 | Construir | Farm |
| 18:23 | Construir | Farm |
| 18:26 | Construir | Farm |
| 18:29 | Construir | Farm |
| 18:30 | Construir | Farm |
| 18:32 | Crear | Villager (Male) |
| 18:34 | Crear | Villager (Male) |
| 18:48 | Crear | Villager (Male) |
| 18:49 | Crear | Villager (Male) |
| 18:53 | Construir | House |
| 19:04 | Crear | Villager (Male) |
| 19:38 | Crear | Villager (Male) |
| 19:38 | Crear | Villager (Male) |
| 19:39 | Crear | Villager (Male) |
| 19:39 | Crear | Villager (Male) |
| 19:40 | Crear | Villager (Male) |
| 19:41 | Crear | Villager (Male) |
| 19:46 | Construir | House |
| 20:01 | Crear | Villager (Male) |
| 20:01 | Crear | Villager (Male) |
| 20:02 | Crear | Villager (Male) |
| 20:15 | Investigar | Stone Mining |
| 20:16 | Crear | Villager (Male) |
| 20:38 | Construir | House |
| 20:39 | Construir | House |
| 20:41 | Crear | Villager (Male) |
| 20:41 | Crear | Villager (Male) |
| 20:42 | Crear | Villager (Male) |
| 20:42 | Crear | Villager (Male) |
| 20:43 | Crear | Villager (Male) |
| 20:43 | Crear | Villager (Male) |
| 20:52 | Construir | Stone Wall |
| 20:56 | Construir | Stone Wall |
| 21:01 | Construir | Building 490 |
| 21:04 | Crear | Villager (Male) |
| 21:05 | Crear | Villager (Male) |
| 21:06 | Crear | Villager (Male) |
| 21:33 | Crear | Villager (Male) |
| 21:33 | Crear | Villager (Male) |
| 21:33 | Crear | Villager (Male) |
| 21:33 | Crear | Villager (Male) |
| 21:34 | Crear | Villager (Male) |
| 21:34 | Crear | Villager (Male) |
| 21:34 | Crear | Villager (Male) |
| 21:56 | Crear | Villager (Male) |
| 21:56 | Crear | Villager (Male) |
| 21:57 | Crear | Villager (Male) |
| 21:57 | Crear | Villager (Male) |
| 21:58 | Crear | Villager (Male) |
| 21:59 | Crear | Villager (Male) |
| 22:17 | Construir | Mill |
| 22:17 | Construir | Farm |
| 22:17 | Construir | Farm |
| 22:18 | Construir | Farm |
Cronología de la partida
| 9:17 | Womtxoto · first_building Barracks |
| 10:58 | Womtxoto · age_up feudal |
| 11:01 | Mandinga · age_up feudal |
| 11:03 | Womtxoto · first_building Stable |
| 14:35 | Womtxoto · age_up castle |
| 14:43 | Womtxoto · first_building Monastery |
| 15:26 | Mandinga · age_up castle |
| 17:18 | Mandinga · first_building Castle |
| 17:37 | Mandinga · first_building Monastery |
| 18:17 | Mandinga · first_market_buy 100 food |
| 20:52 | Womtxoto · wall_segment Stone Wall x1 |
| 20:56 | Womtxoto · wall_segment Stone Wall x1 |
| 22:43 | Womtxoto · first_building Castle |
| 24:37 | Womtxoto · first_building Siege Workshop |
| 27:27 | Womtxoto · first_market_sell 100 wood |
| 28:33 | Mandinga · first_market_sell 500 wood |
| 28:35 | Womtxoto · first_building Archery Range |
| 30:28 | Mandinga · first_building Barracks |
| 30:55 | Womtxoto · age_up imperial |
| 31:48 | Mandinga · age_up imperial |
| 36:13 | Womtxoto · first_market_buy 100 stone |
| 48:30 | Mandinga · first_building Archery Range |
| 53:35 | Womtxoto · resign |
[ ANÁLISIS IA · 1 CRÉDITO ]
¿Qué pasó realmente en esta partida?
Wolo.gg analiza cada decisión: build order, eco, micro, errores típicos por bracket. Análisis personalizado por WhatsApp o Discord en 30 segundos.
Guía civ
Bohemios
Guía mapa
Arena
Perfil
Mandinga